 Dungeon Crawl Stone Soup version 0.29.1-15-g9cfb28693d (webtiles) character file.

Game seed: 9928421775292081630

248 123deadman the Ducker (level 6, -2/46 HPs)
             Began as a Human Gladiator on Mar 20, 2023.
             Was an Initiate of Yredelemnul.
             Slain by a two-headed ogre
             ... wielding a +0 giant club
              (13 damage)
             ... on level 5 of the Dungeon.
             The game lasted 00:14:42 (3539 turns).

123deadman the Ducker (Human Gladiator)             Turns: 3539, Time: 00:14:42

Health: -2/46      AC: 14    Str: 16    XL:     6   Next: 34%
Magic:  6/6        EV:  8    Int:  8    God:    Yredelemnul [......]
Gold:   176        SH:  0    Dex: 21    Spells: 5/5 levels left

rFire   . . .      SeeInvis .   i - +5 dagger (venom)
rCold   . . .      Faith    .   (no shield)
rNeg    . . .      Spirit   .   h - +0 chain mail
rPois   .          Reflect  .   j - +0 helmet
rElec   .          Harm     .   (no cloak)
rCorr   .          Rampage  .   (no gloves)
Will    .....                   (no boots)
Stlth   ..........              (no amulet)
HPRegen 0.15/turn               m - +6 ring of dexterity
MPRegen 0.10/turn               c - +4 ring of protection

@: no status effects
A: no striking features
a: Renounce Religion, Recall Undead Harvest


You were on level 5 of the Dungeon.
You worshipped Yredelemnul.
Yredelemnul was noncommittal.
You visited 1 branch of the dungeon, and saw 5 of its levels.

You collected 176 gold pieces.

Inventory:

Hand Weapons
 a - a +0 long sword
 i - a +5 dagger of venom (weapon)
 n - a +4 falchion
Missiles
 b - 3 stones
 e - a javelin (quivered)
Armour
 h - a +0 chain mail (worn)
 j - a +0 helmet (worn)
Jewellery
 c - a +4 ring of protection (right hand)
 f - a ring of ice
 m - a +6 ring of dexterity (left hand)
Scrolls
 d - a scroll of immolation
 g - a scroll of identify
 k - a scroll of enchant weapon
 q - a scroll of brand weapon {unknown}
Potions
 l - 2 potions of attraction
 o - a potion of curing {unknown}


   Skills:
 + Level 2.7 Fighting
 + Level 3.0(3.8) Short Blades
 + Level 3.4(4.0) Long Blades
 + Level 2.2 Throwing
 + Level 2.5 Armour
 + Level 3.7 Dodging
 + Level 0.6 Stealth
 + Level 1.0 Invocations


You had 5 spell levels left.
You didn't know any spells.
Your spell library was empty.

Dungeon Overview and Level Annotations

Branches:
Dungeon (5/15)
 Temple: D:4-7

Altars:
Fedhas
Uskayaw
Yredelemnul

Annotations:
D:4 Robin


Message History

You barely miss the two-headed ogre.
Your spectral ufetubus hits the two-headed ogre but does no damage. x2
The two-headed ogre hits you with a +0 giant club.
The two-headed ogre hits you with a +0 giant club!
Your hound zombie bites the two-headed ogre but does no damage.
Your spectral ufetubus hits the two-headed ogre.
Your spectral ufetubus hits the two-headed ogre but does no damage.
Your hound zombie barely misses the two-headed ogre.
Your spectral ufetubus barely misses the two-headed ogre.
Your spectral ufetubus hits the two-headed ogre.
Your hound zombie bites the two-headed ogre.
The two-headed ogre hits your hound zombie with a +0 giant club! x2
Your hound zombie is destroyed!
Your spectral ufetubus hits the two-headed ogre but does no damage.
Your spectral ufetubus barely misses the two-headed ogre.
Your spectral ufetubus hits the two-headed ogre but does no damage.
Your spectral ufetubus hits the two-headed ogre.
Your spectral ufetubus drains the two-headed ogre.
Your spectral ufetubus hits the two-headed ogre but does no damage. x2
The two-headed ogre hits your hobgoblin zombie with a +0 giant club!
Your hobgoblin zombie is destroyed!
Your spectral ufetubus hits the two-headed ogre.
Your spectral ufetubus hits the two-headed ogre but does no damage.
Your spectral ufetubus hits the two-headed ogre.
Your spectral ufetubus hits the two-headed ogre but does no damage.
As you read the scroll of teleportation, it crumbles to dust.
You feel strangely unstable.
The two-headed ogre attacks as you move away!
The two-headed ogre hits you with a +0 giant club!
The two-headed ogre barely misses you. Something bites your spectral ufetubus.
Your spectral ufetubus is destroyed!
The two-headed ogre attacks as you move away!
The two-headed ogre hits you with a +0 giant club!
* * * LOW HITPOINT WARNING * * *
The two-headed ogre hits you but does no damage.
Your surroundings seem slightly different.
There is a stone staircase leading down here.
The two-headed ogre hits you with a +0 giant club!
You die...
Your body rises from the dead as a mindless zombie.

#.#.## . ##.###.###### ..
#.# ##.....# ##### ..
##.###.####.#
###...##.#..# #.#.## #.#
#....Z......# ##.##
##.###.#...#..#..# #.#
#...##.##.## .#
####.#####.S.......# ...
#.......##@O.##.#####.##.#
#.##.##.###.............
.# #.##.# # #........###.#
. #.##<# #....)......#
#.##.# #.>......#.##
#.##.##.# #........# .#
#.......# #............
####..### #.......###.#
##.# ######### ..


You could see a two-headed ogre (drained) and a water moccasin.

Vanquished Creatures
  An iguana (D:3)
  An orc priest (D:3)
  A hound (D:5)
  An orc wizard (D:3)
  4 adders
  An ufetubus (D:5)
  4 orcs (D:3)
  6 bats
  5 endoplasms
  5 giant cockroaches
  12 goblins
  10 hobgoblins
  9 jackals
  3 quokkas
  2 ball pythons
  3 frilled lizards
  4 kobolds
  4 rats
76 creatures vanquished.

Vanquished Creatures (collateral kills)
  2 orcs
  A goblin (D:1)
  A hobgoblin (D:2)
  A bat (D:2)
5 creatures vanquished.

Vanquished Creatures (others)
  A hound zombie (D:5)
  A bat zombie (D:2)
  An endoplasm zombie (D:2)
  3 goblin zombies (D:2)
  4 hobgoblin zombies
  A jackal zombie (D:2)
  A spectral ufetubus (D:5)
  11 fungi (D:1)
  7 plants
30 creatures vanquished.

Grand Total: 111 creatures vanquished

Notes
Turn   | Place    | Note
-------+----------+-------------------------------------------
     0 | D:1      | 123deadman the Human Gladiator began the quest for the Orb.
     0 | D:1      | Reached XP level 1. HP: 16/16 MP: 1/1
   132 | D:1      | Reached XP level 2. HP: 20/22 MP: 2/2
   614 | D:1      | Reached XP level 3. HP: 24/27 MP: 3/3
   783 | D:1      | Found a faded altar of an unknown god.
   798 | D:1      | Prayed at the altar of an unknown god.
   798 | D:1      | Became a worshipper of Yredelemnul the Dark
   798 | D:1      | Reached * piety under Yredelemnul
  1099 | D:2      | Reached skill level 1 in Invocations
  1541 | D:2      | Reached XP level 4. HP: 32/33 MP: 4/4
  1705 | D:2      | Reached skill level 1 in Short Blades
  2129 | D:2      | Reached skill level 1 in Armour
  2453 | D:3      | Reached XP level 5. HP: 36/39 MP: 5/5
  2513 | D:3      | Found a hide-covered altar of Uskayaw.
  2676 | D:3      | Reached ** piety under Yredelemnul
  2779 | D:3      | Found a blossoming altar of Fedhas.
  3191 | D:3      | Reached XP level 6. HP: 37/46 MP: 6/6
  3358 | D:4      | Noticed Robin
  3445 | D:5      | Entered Level 5 of the Dungeon
  3522 | D:5      | Noticed a two-headed ogre
  3522 | D:5      | Noticed a water moccasin
  3539 | D:5      | Slain by a two-headed ogre

Illustrated notes

Levels and vault maps discovered:
D:1:      spicycebolla_arrival_clurvy, layout_basic,
          dreamdust_ecumenical_altar_hidden_monk_grotto
D:2:      cheibrodos_greedy_goblins, layout_basic,
          chequers_serial_rivers_micro_e, hangedman_glass_teeth,
          amethyst_killhole
D:3:      layout_loops_ring, lemuel_crystal_altar, fedhas_altar_1
D:4:      layout_rooms, cheibriados_altar_1, serial_shops, nicolae_square_shop,
          nicolae_kite_square_tiling_tiny, uniq_ijyb, uniq_natasha, uniq_pikel,
          uniq_robin
D:5:      layout_loops_cross, nicolae_dithmenos_the_darkroom,
          lemuel_zombie_altar_kikubaaqudgha, mainiacjoe_overflow_24_doors,
          kennysheep_nub, kennysheep_flooded_box

Skill      XL: |  1  2  3  4  5  6 |
---------------+-------------------+-----
Invocations    | 1 |  1.0
Short Blades   | 1 2 3 |  3.0
Armour         | 1 2 |  2.5
Fighting       | |  2.7
Long Blades    | |  3.4
Throwing       | |  2.2
Dodging        | |  3.7
Stealth        | |  0.6

Action                   |  1- 3 |  4- 6 || total
-------------------------+-------+-------++-------
Melee: Long sword        |     9 |       ||     9
       Dagger            |   116 |    95 ||   211
       Punch             |     2 |       ||     2
Throw: Throwing net      |     3 |       ||     3
Invok: Recall Undead Har |     3 |       ||     3
  Use: Scroll            |     7 |     3 ||    10
       Potion            |     1 |       ||     1
 Stab: Held in net/web   |     1 |       ||     1
Armor: Chain mail        |    41 |    76 ||   117
       Leather armour    |     2 |       ||     2
Dodge: Dodged            |    32 |    41 ||    73
